 Dungeon Crawl Stone Soup version 0.30-a0-715-gdb4ae3ece1 (webtiles) character file.

Game seed: 17486949255639842210

637 bjtr the Digger (level 7, -2/41 HPs)
             Began as a Gargoyle Earth Elementalist on Jan 24, 2023.
             Slain by a gnoll
             ... wielding a +0 spear
              (3 damage)
             ... on level 4 of the Dungeon.
             The game lasted 00:16:16 (3818 turns).

bjtr the Digger (Gargoyle Earth Elementalist)       Turns: 3818, Time: 00:16:17

Health: -2/41      AC:  7    Str: 11    XL:     7   Next: 50%
Magic:  11/14      EV: 12    Int: 16    God:
Gold:   276        SH:  0    Dex: 14    Spells: 10/16 levels left

rFire   . . .      SeeInvis .    b - +1 sling (flame)
rCold   . . .      Faith    .    (no shield)
rNeg    + . .      Spirit   .    y - +0 robe {Will+}
rPois   ∞          Reflect  .    (no helmet)
rElec   +          Harm     .    (no cloak)
rCorr   .          Rampage  .    (no gloves)
Will    .....                    g - +0 pair of boots
Stlth   ++                       (no amulet)
HPRegen 0.26/turn                (no ring)
MPRegen 0.14/turn                (no ring)

@: weak-willed
A: sickness immunity, AC +4, negative energy resistance 1, electricity
resistance, torment resistance 1, petrification resistance, agile 1, sturdy
frame 1
a: no special abilities


You were on level 4 of the Dungeon.
You visited 1 branch of the dungeon, and saw 4 of its levels.

You collected 276 gold pieces.

Inventory:

Hand Weapons
 a - a +1 dagger of draining
 b - a +1 sling of flaming (weapon)
 o - a +2 dagger of draining
 p - a +5 quarterstaff of chaos
 t - a +0 rapier
 v - a +1 dagger of speed
 x - a +0 flail
Armour
 e - a +0 robe
 g - a +0 pair of boots (worn)
 q - an orb of wrath
 r - an orb of light
 w - a +0 leather armour
 y - a +0 robe of willpower (worn)
Jewellery
 j - a ring of fire
Wands
 l - a wand of paralysis (6)
 m - a wand of quicksilver (11)
 u - a wand of polymorph (8)
Scrolls
 f - 5 scrolls of identify {unknown}
 k - a scroll of enchant weapon
 n - a scroll of noise {unknown}
 s - 2 scrolls of vulnerability
Potions
 d - a potion of magic
 h - a potion of haste
 i - a potion of curing {unknown}


   Skills:
 * Level 3.3 Fighting
 + Level 1.6 Dodging
 + Level 2.5 Stealth
 * Level 5.0 Spellcasting
 - Level 0.7 Transmutations
 * Level 6.9 Earth Magic


You had 10 spell levels left.
You knew the following spells:

 Your Spells              Type           Power      Damage    Failure   Level
a - Sandblast             Erth           52%        2d12      1%          1
b - Passwall              Tmut/Erth      13%        N/A       4%          2
c - Stone Arrow           Conj/Erth      30%        3d8       11%         3

Your spell library contained the following spells:

 Spells                   Type           Power      Damage    Failure   Level
 Petrify                  Tmut/Erth      16%        N/A       30%         4
 Dispel Undead            Necr           4%         3d7       83%         4
 Death Channel            Necr           2%         N/A       100%        6
 Cigotuvi's Dreadful Rot  Necr/Pois/Air  Unusable   N/A       N/A         2

Dungeon Overview and Level Annotations

Branches:
Dungeon (4/15)
 Temple: D:4-7

Altars:


Innate Abilities, Weirdness & Mutations

You are immune to sickness and miasma.
Your stone body is resilient. (AC +4)
You are immune to poison.
You resist negative energy. (rN+)
You are resistant to electric shocks. (rElec)
You are resistant to unholy torment.
You are immune to petrification.
You are agile. (Dex +4, Str/Int -1)
Your movements are slightly less encumbered by armour. (ER -2)


Message History

Aim: a gnoll, wielding a +0 flail (severely wounded, 85% to hit)
The blast of sand hits the gnoll!
You kill the gnoll!
The gnoll hits you with a +0 whip.
Casting: Sandblast (safe; 1% risk of failure)
Confirm with . or Enter, or press ? or * to list all spells.
Aiming: Sandblast (safe; 1% risk of failure)
Press: ? - help, Shift-Dir - straight line, f - gnoll
Aim: a gnoll, wielding a +0 whip (almost dead, 85% to hit)
The blast of sand hits the gnoll!!
You kill the gnoll!
A gnoll comes into view. It is wielding a +0 spear.
Your Spellcasting skill increases to level 5!
Casting: Sandblast (safe; 1% risk of failure)
Confirm with . or Enter, or press ? or * to list all spells.
Aiming: Sandblast (safe; 1% risk of failure)
Press: ? - help, Shift-Dir - straight line, f - gnoll
Aim: a gnoll, wielding a +0 flail (85% to hit)
The blast of sand hits the gnoll!
The gnoll is severely wounded.
The gnoll shouts!
The gnoll hits you with a +0 flail! The gnoll barely misses you.
The gnoll hits you from afar with a +0 spear.
The gnoll barely misses you.
As you read the scroll labelled GAPAPH ZONNICO, it crumbles to dust.
Magic quickly surges around you.
It was a scroll of vulnerability.
The gnoll misses you. The gnoll hits you but does no damage.
As you read the scroll labelled HOEDOYSCHAH, it crumbles to dust.
It is a scroll of enchant weapon.
Your +4 quarterstaff of chaos glows red for a moment.
The gnoll hits you with a +0 flail!
* * * LOW HITPOINT WARNING * * *
The gnoll hits you from afar with a +0 spear.
* * * LOW HITPOINT WARNING * * *
It was a potion of mutation.
You feel extremely strange.
You feel agile.
You feel less encumbered by your armour.
The gnoll closely misses you.
The gnoll hits you from afar with a +0 spear.
You die...

###### #.# #....###### #.#
###########.##....... ...
..[..............#######.#
########.#..............g.
###.##.####.######..#
#...##).....g.......####..#
.#<..)####.######........#
#...##.# #@# ##.####.##
##..#..####g# ##...## #
#.>.....##.#####.....##.##
#####.##.....g..........
#........#.....##.##
#....######..).# # .
#.####...#####.#
#.#####.###.....## #.#
##.†.......>......###.##.#


You could see 2 gnolls.

Vanquished Creatures
  Sigmund (D:3)
  Duvessa (D:4)
  Dowan (D:4)
  Crazy Yiuf (D:3)
  Jessica (D:2)
  An iguana (D:4)
  Terence (D:2)
  Natasha (thrice) (D:2)
  2 gnolls (D:4)
  4 adders
  3 worms
  A dart slug (D:2)
  8 orcs
  8 ball pythons
  6 bats
  9 endoplasms
  2 giant cockroaches
  4 goblins
  9 hobgoblins
  2 quokkas
  3 frilled lizards
  8 kobolds
  7 rats
86 creatures vanquished.

Notes
Turn   | Place    | Note
-------+----------+-------------------------------------------
     0 | D:1      | bjtr the Gargoyle Earth Elementalist began the quest for
                  | the Orb.
     0 | D:1      | Reached XP level 1. HP: 10/10 MP: 3/3
   132 | D:1      | Reached skill level 4 in Earth Magic
   134 | D:1      | Reached XP level 2. HP: 16/16 MP: 5/5
   386 | D:1      | Reached skill level 1 in Fighting
   529 | D:1      | Reached XP level 3. HP: 19/20 MP: 6/6
  1116 | D:2      | Noticed Terence
  1166 | D:2      | Learned a level 2 spell: Passwall
  1170 | D:2      | Learned a level 3 spell: Stone Arrow
  1181 | D:2      | Killed Terence
  1182 | D:2      | Reached XP level 4. HP: 25/25 MP: 2/8
  1402 | D:2      | Noticed Natasha
  1404 | D:2      | Killed Natasha
  1405 | D:2      | Reached skill level 5 in Earth Magic
  1449 | D:2      | Noticed Jessica
  1451 | D:2      | Noticed Natasha
  1455 | D:2      | Killed Jessica
  1456 | D:2      | Reached XP level 5. HP: 29/29 MP: 4/10
  1458 | D:2      | Killed Natasha
  1833 | D:2      | Noticed Natasha
  1837 | D:2      | Killed Natasha
  2341 | D:3      | Found a runed translucent door.
  2342 | D:3      | Noticed Crazy Yiuf
  2363 | D:3      | Killed Crazy Yiuf
  2364 | D:3      | Reached XP level 6. HP: 10/36 MP: 2/11
  2984 | D:3      | Noticed Sigmund
  2988 | D:3      | Killed Sigmund
  2989 | D:3      | Reached skill level 6 in Earth Magic
  3356 | D:4      | Noticed Duvessa
  3377 | D:4      | Noticed Dowan
  3384 | D:4      | Killed Duvessa
  3385 | D:4      | Reached XP level 7. HP: 22/41 MP: 5/14
  3387 | D:4      | Killed Dowan
  3815 | D:4      | Reached skill level 5 in Spellcasting
  3817 | D:4      | HP: 1/41 [gnoll/+0 spear (6)]
  3818 | D:4      | Gained mutation: You are agile. (Dex +4, Str/Int -1)
                  | [potion of mutation]
  3818 | D:4      | Gained mutation: Your movements are slightly less
                  | encumbered by armour. (ER -2) [potion of mutation]
  3818 | D:4      | Slain by a gnoll

Illustrated notes

Levels and vault maps discovered:
D:1:      giann_wishing_wells, layout_loops_ring
D:2:      layout_basic, roderic_lattice_a, grunt_ministairs_12, uniq_terence,
          uniq_natasha, uniq_jessica
D:3:      layout_loops_corners, hangedman_decor_points, uniq_sigmund,
          uniq_crazy_yiuf_cottage
D:4:      layout_loops_ring, uniq_duvessa

Skill      XL: |  1  2  3  4  5  6  7 |
---------------+----------------------+-----
Earth Magic    | 4 5 6 |  6.9
Fighting       | 1 2 3 |  3.3
Spellcasting   | 3 4 5 |  5.0
Dodging        | |  1.6
Stealth        | |  2.5
Transmutations | |  0.7

Action                     |  1- 3 |  4- 6 |  7- 9 || total
---------------------------+-------+-------+-------++-------
   Fire: Sling             |    20 |     8 |    15 ||    43
   Cast: Sandblast         |    48 |    46 |    22 ||   116
         Stone Arrow       |       |     2 |       ||     2
  Evoke: Wand              |       |       |     1 ||     1
    Use: Potion            |       |     1 |     1 ||     2
         Scroll            |       |       |     2 ||     2
 Armour: Robe              |     7 |     4 |     3 ||    14
         Leather armour    |       |       |     1 ||     1
  Dodge: Dodged            |    28 |    11 |    13 ||    52

Table legend: (Time is in decaauts)
 A = Elapsed time spent in this place.
 B = Non-inter-level travel time spent in this place.
 C = Inter-level travel time spent in this place.
 D = Time resting spent in this place.
 E = Time spent auto-exploring this place.
 F = Levels seen in this place.
 G = Mean time per level.
                   A        B        C        D        E       F      G
               +--------+--------+--------+--------+--------+-----+--------+
         Total |   3893 |   3683 |    210 |    420 |   2610 |   4 |  973.2 |
       Dungeon |   3893 |   3683 |    210 |    420 |   2610 |   4 |  973.2 |
               +--------+--------+--------+--------+--------+-----+--------+

Top non-repeatable levels by time:
     D:2: 1359 daAuts
     D:3: 1192 daAuts
     D:1: 838 daAuts
     D:4: 502 daAuts
